 Dungeon Crawl Stone Soup version 0.31.0-9-g3a7656b989 (webtiles) character file.

Game seed: 10595183114927918843

1968 qw the Skirmisher (level 9, -8/41 (44) HPs)
             Began as a Spriggan Hunter on Feb 2, 2024.
             Mangled by a wight
             ... wielding a +3 dagger
              (9 damage)
             ... on level 7 of the Dungeon.
             The game lasted 00:00:20 (5999 turns).

qw the Skirmisher (Spriggan Hunter)                 Turns: 5999, Time: 00:00:21

HP:   -8/41 (44)    AC:  4    Str:  6 (7)  XL:     9   Next: 0%
MP:   0/10          EV: 24    Int: 11      God:
Gold: 429           SH:  0    Dex: 20 (22) Spells: 8/8 levels left

rFire   . . .        a - +1 shortbow
rCold   + . .        (shield currently unavailable)
rNeg    . . .        c - +0 robe
rPois   .            m - +2 hat
rElec   .            (no cloak)
rCorr   +            (gloves unavailable)
SInv    +            (boots unavailable)
Will    +....        g - amulet of Xom's Capriciousness {Spirit rCorr}
Stlth   ++           (no ring)
HPRegen 0.26/turn    (no ring)
MPRegen 0.12/turn

%: random rage (3%), guardian spirit
@: about to teleport, drained, very quick
A: very small, no large weapons, unfitting armour, see invisible, speed 3,
talons 2, berserk 1, cold resistance 1
a: no special abilities


You were on level 7 of the Dungeon.
You visited 1 branch of the dungeon, and saw 7 of its levels.

You collected 429 gold pieces.


Innate Abilities, Weirdness & Mutations

You are very small and have problems with some larger weapons.
You are too small for most types of armour.
You have supernaturally acute eyesight. (SInv)
You cover ground extremely quickly. (Speed+++)
You have razor-sharp toenails.
You sometimes lose your temper in combat.
Your flesh is cold resistant. (rC+)


   Skills:
 - Level 3.2 Fighting
 - Level 10.0 Ranged Weapons
 + Level 9.0 Dodging
 - Level 1.5 Stealth


You had 8 spell levels left.
You didn't know any spells.
Your spell library was empty.

Inventory:

Hand Weapons
 a - a +1 shortbow (weapon)
Armour
 c - a +0 robe (worn)
 m - a +2 hat (worn)
Jewellery
 g - the amulet of Xom's Capriciousness (around neck) {Spirit rCorr}
   (You found it on level 6 of the Dungeon)

   [amulet of guardian spirit]

   Spirit:    It causes incoming damage to be divided between your reserves of
   health and magic.
   rCorr:     It protects you from acid and corrosion.
Wands
 b - a wand of roots (6)
 i - a wand of polymorph (9)
 k - a wand of mindburst (9)
 l - a wand of quicksilver (4)
Scrolls
 j - a scroll of teleportation
Potions
 d - a potion of enlightenment
 h - a potion of haste {unknown}

Dungeon Overview and Level Annotations

Branches:
Dungeon (7/15)
 Temple: D:4-7

Altars:
Kikubaaqudgha


Message History

Your Ranged Weapons skill increases to level 10!
You shoot an arrow. The arrow hits the wight.
The wight is lightly damaged.
The wight closely misses you.
You shoot an arrow. The arrow hits the wight!
The wight is heavily damaged.
The wight completely misses you.
You shoot an arrow. The arrow hits the wight!
The wight is almost destroyed.
The wight misses you.
You shoot an arrow. The arrow barely misses the wight.
You shoot an arrow. The arrow hits the wight!
You destroy the wight!
You feel your intelligence returning.
Your life force feels restored.
You have reached level 9!
Your experience leads to an increase in your attributes!
Your base attributes are Str 7, Int 11, Dex 20.
Increase (S)trength, (I)ntelligence, or (D)exterity?
You feel agile. x2
You shoot an arrow. The arrow hits the wight.
The wight is moderately damaged.
The wight barely misses you.
You shoot an arrow.
The arrow hits the wight but does no damage.
The wight is moderately damaged.
The wight completely misses you.
You shoot an arrow. The arrow barely misses the wight.
The wight hits you with a +3 dagger!
You shoot an arrow. The arrow closely misses the wight.
The wight hits you with a +3 dagger!
You feel drained.
5997 ||| READING 2 scrolls of teleportation.
As you read the scroll of teleportation, it crumbles to dust.
You feel strangely unstable. The wight hits you with a +3 dagger.
You feel drained.
You shoot an arrow. The arrow hits the wight.
The wight is heavily damaged.
The wight misses you.
You shoot an arrow. The arrow closely misses the wight.
The wight hits you with a +3 dagger!
You die...

#.#.###.#....%...#
........>#########
.........#
#.#.###..#
#.#<#..# #.#.#..#
#.#....# #
#.#....#
#.#.@...##
#.###z####
#........#
###z####.# ##.# #
#.z# #z## #....#
#.####


You could see a wight.

Vanquished Creatures
  Pikel (D:5)
  2 black bears (D:6)
  An orc warrior (D:6)
  A lemure (D:5)
  A bullfrog (D:6)
  3 scorpions
  3 wights (D:7)
  2 jellies
  5 killer bees (D:7)
  An orc priest (D:3)
  4 hounds
  3 iguanas
  3 orc wizards
  A sleepcap (D:4)
  4 gnolls
  10 adders
  2 ufetubi (D:5)
  A dart slug (D:1)
  10 orcs
  4 endoplasms
  5 giant cockroaches
  5 goblins
  6 hobgoblins
  2 jackals (D:4)
  3 quokkas
  A ball python (D:4)
  3 bats
  8 frilled lizards
  7 kobolds
  2 rats (D:3)
104 creatures vanquished.

Notes
Turn   | Place    | Note
-------+----------+-------------------------------------------
     0 | D:1      | qw the Spriggan Hunter began the quest for the Orb.
     0 | D:1      | Reached XP level 1. HP: 10/10 MP: 2/2
     0 | D:1      | 0 ||| qw: Version: 0.3-a-155-g5e7d8dd
     0 | D:1      | 0 ||| qw: Game counter: 258
     0 | D:1      | 0 ||| qw: Melee chars always use a shield: true
     0 | D:1      | 0 ||| qw: God list: Okawaru
     0 | D:1      | 0 ||| qw: Allow faded altars: false
     0 | D:1      | 0 ||| qw: Do Orc after clearing Dungeon:15 true
     0 | D:1      | 0 ||| qw: Do second Lair branch before Depths: true
     0 | D:1      | 0 ||| qw: Lair rune preference: random
     0 | D:1      | 0 ||| qw: Goals: Normal
     0 | D:1      | 0 ||| PLANNING D:1-11
    70 | D:1      | Reached skill level 3 in Dodging
   215 | D:1      | Reached XP level 2. HP: 14/14 MP: 3/3
   742 | D:1      | 742 ||| UPGRADING to +1 hat.
   747 | D:1      | 747 ||| DROPPING +6 ring of intelligence.
   748 | D:1      | 748 ||| READING scroll labelled ZUQ IJEH XAJI.
   749 | D:1      | 749 ||| READING 2 scrolls labelled GOMADOTER.
   753 | D:1      | 753 ||| READING scroll labelled ANUXZEQ RUIBI.
   754 | D:1      | 754 ||| DROPPING scroll of butterflies.
   846 | D:2      | Reached XP level 3. HP: 18/18 MP: 4/4
  1094 | D:2      | Reached skill level 5 in Ranged Weapons
  1094 | D:2      | HP: 4/18 [poisoned by an adder]
  1541 | D:2      | 1541 ||| READING 2 scrolls labelled RYSCHA OSULOSKI.
  1542 | D:2      | 1542 ||| DRINKING 2 emerald potions.
  1543 | D:2      | 1543 ||| DROPPING scroll of fog.
  1585 | D:3      | Reached XP level 4. HP: 22/22 MP: 5/5
  1585 | D:3      | 1585 ||| STAIRDANCE
  1590 | D:2      | HP: 4/22 [gnoll/+0 club (5)]
  1591 | D:2      | 1591 ||| READING scroll of teleportation.
  1592 | D:2      | 1592 ||| DRINKING potion of heal wounds.
  1613 | D:3      | 1613 ||| STAIRDANCE
  1623 | D:3      | 1623 ||| STAIRDANCE
  1650 | D:3      | 1650 ||| STAIRDANCE
  1828 | D:3      | Reached XP level 5. HP: 12/26 MP: 6/6
  2481 | D:3      | Reached skill level 6 in Ranged Weapons
  2644 | D:3      | 2644 ||| READING scroll labelled NYPORA QAWKUCH.
  2645 | D:3      | 2645 ||| READING scroll labelled CADOJU BAGHE.
  2645 | D:3      | 2645 ||| ENCHANTING +0 shortbow.
  2646 | D:3      | 2646 ||| READING scroll labelled MOUHOI DIPP.
  2747 | D:3      | 2747 ||| DRINKING 2 murky dark potions.
  2747 | D:3      | Gained mutation: You are clumsy. (Dex -2) [potion of
                  | mutation]
  2747 | D:3      | Gained mutation: You sometimes lose your temper in combat.
                  | [potion of mutation]
  2747 | D:3      | Gained mutation: You passively dampen the noise of your
                  | surroundings. [potion of mutation]
  2748 | D:3      | 2748 ||| DRINKING potion of mutation.
  2748 | D:3      | Lost mutation: You passively dampen the noise of your
                  | surroundings. [potion of mutation]
  2748 | D:3      | Lost mutation: You are clumsy. (Dex -2) [potion of
                  | mutation]
  2748 | D:3      | Gained mutation: Your flesh is cold resistant. (rC+)
                  | [potion of mutation]
  2748 | D:3      | Gained mutation: You have sharp toenails. [potion of
                  | mutation]
  2748 | D:3      | Gained mutation: You have razor-sharp toenails. [potion of
                  | mutation]
  2863 | D:4      | Reached XP level 6. HP: 30/30 MP: 7/7
  2895 | D:4      | Reached skill level 6 in Dodging
  3027 | D:4      | Noticed a steam dragon
  3609 | D:4      | Found an ancient bone altar of Kikubaaqudgha.
  3781 | D:4      | 3781 ||| READING scroll labelled OCZUOM WACA.
  3782 | D:4      | 3782 ||| READING scroll labelled KAMUMO LAAXT.
  3835 | D:5      | Entered Level 5 of the Dungeon
  3839 | D:5      | Noticed Pikel
  3840 | D:5      | 3840 ||| RETREEEEATING.
  3843 | D:5      | 3843 ||| RETREEEEATING.
  3844 | D:5      | 3844 ||| RETREEEEATING.
  3858 | D:5      | HP: 7/30 [Pikel/+0 whip of freezing (6)]
  3859 | D:5      | 3859 ||| DRINKING potion of heal wounds.
  3871 | D:5      | HP: 5/30 [Pikel/+0 whip of freezing (6)]
  3873 | D:5      | Killed Pikel
  3874 | D:5      | Reached skill level 8 in Ranged Weapons
  3874 | D:5      | Reached XP level 7. HP: 6/35 MP: 8/8
  4826 | D:5      | 4826 ||| UPGRADING to +2 hat.
  4836 | D:5      | 4836 ||| DROPPING +1 hat.
  4837 | D:5      | 4837 ||| READING scroll labelled VUATIR UPSEANE.
  4837 | D:5      | 4837 ||| IDENTIFYING sedimented puce potion
  4838 | D:5      | 4838 ||| DRINKING 4 fuming black potions.
  4885 | D:5      | 4885 ||| DROPPING 3 potions of lignification.
  4956 | D:6      | Reached XP level 8. HP: 39/39 MP: 9/9
  4961 | D:6      | Identified the amulet of Xom's Capriciousness {Spirit
                  | rCorr}
  4993 | D:6      | Reached skill level 3 in Fighting
  5449 | D:6      | 5449 ||| ZAPPING wand of quicksilver (6) at -1,-1 (black
                  | bear; floor).
  5450 | D:6      | 5450 ||| ZAPPING wand of quicksilver (5) at -1,-1 (black
                  | bear; floor).
  5451 | D:6      | Reached skill level 9 in Ranged Weapons
  5697 | D:6      | 5697 ||| UPGRADING to amulet of Xom's Capriciousness
                  | {Spirit rCorr}.
  5702 | D:6      | 5702 ||| READING scroll of identify.
  5702 | D:6      | 5702 ||| IDENTIFYING glowing blue potion
  5703 | D:6      | 5703 ||| DRINKING 2 purple potions.
  5704 | D:6      | 5704 ||| DROPPING potion of degeneration.
  5705 | D:6      | 5705 ||| DROPPING potion of magic.
  5776 | D:7      | 5776 ||| RETREEEEATING.
  5777 | D:7      | 5777 ||| RETREEEEATING.
  5778 | D:7      | 5778 ||| RETREEEEATING.
  5779 | D:7      | 5779 ||| RETREEEEATING.
  5780 | D:7      | 5780 ||| RETREEEEATING.
  5785 | D:7      | Reached skill level 9 in Dodging
  5840 | D:7      | 5840 ||| FLEEEEING.
  5841 | D:7      | 5841 ||| FLEEEEING.
  5842 | D:7      | 5842 ||| FLEEEEING.
  5843 | D:7      | 5843 ||| FLEEEEING.
  5844 | D:7      | 5844 ||| FLEEEEING.
  5845 | D:7      | 5845 ||| FLEEEEING.
  5847 | D:7      | 5847 ||| STAIRDANCE
  5959 | D:7      | 5959 ||| RETREEEEATING.
  5979 | D:7      | 5979 ||| RETREEEEATING.
  5980 | D:7      | 5980 ||| RETREEEEATING.
  5981 | D:7      | 5981 ||| FLEEEEING.
  5982 | D:7      | 5982 ||| FLEEEEING.
  5983 | D:7      | 5983 ||| FLEEEEING.
  5988 | D:7      | Reached skill level 10 in Ranged Weapons
  5993 | D:7      | Reached XP level 9. HP: 18/44 MP: 4/10
  5996 | D:7      | HP: 7/44 [wight/+3 dagger (7)]
  5997 | D:7      | 5997 ||| READING 2 scrolls of teleportation.
  5997 | D:7      | HP: 2/42 [wight/+3 dagger (4)]
  5999 | D:7      | Mangled by a wight

Levels and vault maps discovered:
D:1:      wheals_arrival_linesprint, layout_loops_ring
D:2:      layout_basic, st_stairs_2
D:3:      layout_loops_corners, serial_glass, glass_columns_a, glass_columns_b,
          uniq_crazy_yiuf_cottage
D:4:      layout_basic, kennysheep_mini, lightli_corner_chamber
D:5:      layout_loops_corners, st_stairs_13, uniq_pikel
D:6:      layout_basic
D:7:      cheibrodos_two_vegetables, layout_basic,
          minmay_temple_entry_large_hall, kennysheep_path_1,
          nicolae_shop_i_like_big_books, hangedman_glass_teeth

Skill      XL: |  1  2  3  4  5  6  7  8 |
---------------+-------------------------+-----
Dodging        | 3 4 5 6 7 9 |  9.0
Ranged Weapons | 5 6 8 10 | 10.0
Fighting       | 2 3 |  3.2
Stealth        | |  1.5

Action                     |  1- 3 |  4- 6 |  7- 9 || total
---------------------------+-------+-------+-------++-------
   Fire: Shortbow          |    96 |   179 |   193 ||   468
  Evoke: Wand              |       |       |     2 ||     2
    Use: Scroll            |     4 |     6 |     3 ||    13
         Potion            |     1 |     4 |     2 ||     7
 Armour: Robe              |    15 |    32 |    34 ||    81
  Dodge: Dodged            |    27 |    80 |   164 ||   271

Table legend:
 A = Non-vault XP
 B = Vault XP
 C = Vault XP percentage of total XP
 D = Non-vault monster count
 E = Vault monster count
 F = Vault count percentage of total count
                 A         B        C        D         E       F
            +---------+---------+-------+---------+---------+-------
      Total |    2142 |     670 |  23.8 |      99 |       4 |   3.9
            +---------+---------+-------+---------+---------+-------
        D:1 |      28 |       0 |   0.0 |      17 |       0 |   0.0
        D:2 |      70 |      26 |  27.1 |      13 |       2 |  13.3
        D:3 |     202 |       0 |   0.0 |      24 |       0 |   0.0
        D:4 |     142 |       0 |   0.0 |      15 |       0 |   0.0
        D:5 |     225 |     644 |  74.1 |       6 |       2 |  25.0
        D:6 |     802 |       0 |   0.0 |      14 |       0 |   0.0
        D:7 |     673 |       0 |   0.0 |      10 |       0 |   0.0
            +---------+---------+-------+---------+---------+-------
